← All builds
Air / Cortex / Economy first / OBSERVED BUILD

Whirlwind bomber rush

Skips the usual transport-first routine to build Whirlwind bombers from an Aircraft Plant as early as 5 minutes, sending them to hit the enemy base and middle well before the front stabilizes, before easing back into the normal…

#rush #raid #air · 20 distinct matches · 12 players · 3% of Cortex Air games · team won 60% of 20 · Recently observed

THE CATCH, AND WHAT COMES WITH IT
  • WhirlwindT1 air bombers from 5:07 · 7% of role by thenFrom the Aircraft Plant. Only 7% of Air games have it by then; others who build it get it around 10:48
  • WhirlwindWhirlwind in 50%3% of all Air games by then
  • Aircraft PlantAircraft Plant in 45%11% of all Air games by then
  • HerculesLight transport in 45%18% of all Air games by then

Where those units first fight, in 20 games with kill data: in the middle 60%, in the enemy base 40%.

Those units destroy a typical 667 metal of enemy units by 15:00.

Then transitions into valiant (35% of army), fighter (9% of army).

HOW TO PLAY IT

Key timing: Whirlwind bombers from 5:13

  1. Open aircraft plant immediately instead of the usual delay.
  2. Stack wind turbines heavily to fund the air push.
  3. Commit to T1 bombers led by Whirlwind far earlier than norm.
  4. Send bombers into the enemy base or contest the middle.
  5. Transition into fusion reactor and standard air composition.

Phase by phase

TYPICAL OF ITS 20 GAMES · AGAINST STANDARD AIR
  1. 1
  2. 2
  3. 3
PLAY THE OPENING

Follow the example game's first 6:07 step by step: what to build now, what comes next, and where it goes. At 1× it keeps pace with your own game.

  1. 1

    Up to the Aircraft Plant

    Economy
    • Metal Extractor3Mex
    • Wind Turbine4Wind
    Order
    1. Aircraft PlantAircraft Plant after 3 mex, 4 winddone ~1:28, middle half 1:14–1:32

    Some games also: energy storage (50%)

    By 1:10 in all: 3 mex · 4 wind

    The example game in this phase · 4 steps
    1. Mex ×3
    2. Wind ×4
    3. Energy storage
    4. Aircraft PlantAircraft Plantdone 1:30 · typical 1:28
  2. 2

    Aircraft Plant to T1 air bombers

    Economy
    • Metal Extractor1Mex
    • Wind Turbine7Wind
    • Wind Turbine4Wind
    Order
    1. WhirlwindT1 air bombers after 3 mex, 11 wind, 4 wind
    Builders
    • Construction Turret2 Con turret
    • Construction Aircraft1 Con aircraft
    Army
    • Valiant5 Valiant
    • Finch2 Finch for allies
    • Hercules2 Light transport for allies
    • Finch1 Finch
    • Hephaestus1 Heavy transport for allies

    Some games also: shuriken (40%) · converter (40%) · energy storage (30%) · Aircraft Plant (30%)

    By 5:01 in all: 3 mex · 1 mex · 11 wind · 4 wind · 1 energy storage · 2 con turret

    The example game in this phase · 40 steps
    1. FinchFinchfor Geo sea
    2. FinchFinch
    3. FinchFinchfor Beach sea
    4. HerculesLight transport
    5. ShurikenShuriken
    6. HerculesLight transportfor Geo sea
    7. ShurikenShuriken
    8. Construction AircraftCon aircraftfor Tech
    9. Wind ×2
    10. Con turret
    11. Construction AircraftCon aircraft
    12. Wind ×4
    13. Con turret
    14. Metal storage
    15. HerculesLight transportfor Tech
    16. ValiantValiant
    17. Mex
    18. ValiantValiant
    19. Con turret
    20. ValiantValiant ×2
    21. Con turret
    22. ValiantValiant
    23. HerculesLight transportfor Tech
    24. Wind
    25. ValiantValiant
    26. Con turret
    27. Wind ×3
    28. ValiantValiant
    29. Wind ×3
    30. Advanced Metal ExtractorT2 mexdone 6:29 · typical 7:19
    31. Wind ×10
    32. Advanced Metal ExtractorT2 mex
    33. Wind
    34. Advanced Metal ExtractorT2 mex
    35. Wind ×2
    36. Aircraft PlantAircraft Plantdone 7:32
    37. Advanced Metal ExtractorT2 mex
    38. HerculesLight transport
    39. ValiantValiant ×2
    40. WhirlwindWhirlwinddone 7:56
  3. 3

    T1 air bombers to 10:00

    Economy
    • Wind Turbine20Wind
    • Wind Turbine1Wind−4 vs standard
    Builders
    • Construction Turret1 Con turret −3 vs standard
    Army
    • Whirlwind5 Whirlwind +5 vs standard
    • Valiant4 Valiant −5 vs standard

    Some games also: converter (50%) · con turret (45%) · light transport for allies (40%) · finch (30%)

    The standard build makes here, this one skips: 6 converter

    By 10:00 in all: 3 mex · 1 mex · 25 wind · 15 wind (standard 20) · 6 converter (standard 8) · 1 energy storage

    The example game in this phase · 89 steps
    1. WhirlwindWhirlwind ×2
    2. Wind ×2
    3. Wind
    4. WhirlwindWhirlwind
    5. Wind ×2
    6. WhirlwindWhirlwind ×2
    7. Wind ×2
    8. Wind
    9. WhirlwindWhirlwind
    10. Con turret
    11. WhirlwindWhirlwind
    12. FinchFinch ×2
    13. Wind
    14. WhirlwindWhirlwind
    15. Wind
    16. WhirlwindWhirlwind ×2
    17. Wind
    18. Wind
    19. WhirlwindWhirlwind
    20. Wind
    21. WhirlwindWhirlwind
    22. Wind ×2
    23. Wind
    24. WhirlwindWhirlwind
    25. Wind ×2
    26. WhirlwindWhirlwind
    27. Wind ×2
    28. WhirlwindWhirlwind
    29. Wind ×2
    30. WhirlwindWhirlwind
    31. Wind ×2
    32. WhirlwindWhirlwind
    33. Wind
    34. Wind ×2
    35. ValiantValiant
    36. Wind
    37. ValiantValiant
    38. Wind ×2
    39. ValiantValiant ×2
    40. Wind
    41. ValiantValiant
    42. Wind
    43. Wind ×2
    44. ValiantValiant ×2
    45. Wind
    46. ValiantValiant
    47. Con turret
    48. ValiantValiant
    49. Wind
    50. ValiantValiant
    51. Wind
    52. ValiantValiant
    53. Wind
    54. ValiantValiant ×7
    55. ShurikenShuriken ×2
    56. Wind
    57. ValiantValiant
    58. Wind
    59. ValiantValiant
    60. Wind
    61. ValiantValiant ×2
    62. Wind
    63. ValiantValiant
    64. Wind
    65. ShurikenShuriken ×2
    66. Wind
    67. ShurikenShuriken
    68. Wind
    69. ShurikenShuriken
    70. ValiantValiant
    71. Wind
    72. ValiantValiant
    73. Wind
    74. ValiantValiant
    75. Wind
    76. ValiantValiant
    77. Wind
    78. ValiantValiant
    79. Wind
    80. ValiantValiant
    81. Con turret ×2
    82. Fusion ReactorFusiondone 13:34 · typical 11:24
    83. Con turret
    84. ValiantValiant
    85. Con turret
    86. ValiantValiant
    87. T2 converter
    88. Advanced Fusion ReactorAdvanced Fusion Reactornot finished by 15:00
    89. T2 converter ×3

Counts are medians over the build's games: half of them build more, half fewer. The example game is haaven's (42 OS, 15/08/2026); pick another.

Team trades

IN AT LEAST 30% OF ITS GAMES

You hand over

  • Finch2 Finch to Geo sea or Beach seafirst at 1:56 · in 95% of games
  • Hercules3 Light transport to Tech or Geo sea or Pondfirst at 2:17 · in 100% of games
  • Hephaestus1 Heavy transport to Beach sea or Techfirst at 2:33 · in 70% of games

You get

  • Wind Turbine2 Wind from Beach sea or Tech or Frontfirst at 1:30 · in 35% of games
  • Wind Turbine3 Wind from Beach sea or Geo seafirst at 1:42 · in 75% of games
  • Construction Bot1 Con bot from Tech or Frontfirst at 2:11 · in 100% of games
  • Advanced Metal Extractor1 T2 mex from Tech or Beach seafirst at 6:00 · in 40% of games
  • Advanced Construction Bot1 T2 con bot from Techfirst at 6:10 · in 100% of games

How it plays out

Typical game of this build against the role’s standard build, running totals by minute

  • This build
  • Standard air

Metal produced

010k20k30k
0:005:0010:0015:00

metal

Enemy metal destroyed

02k4k
0:005:0010:0015:00

metal

Own metal lost

02k4k
0:005:0010:0015:00

metal

20 games.

Show as table
ByMetal produced: This buildMetal produced: Standard airEnemy metal destroyed: This buildEnemy metal destroyed: Standard airOwn metal lost: This buildOwn metal lost: Standard air
1:003913930000
2:009219250000
3:00145514580000
4:0020632052005151
5:002803276507374109
6:0038773755124125154167
7:0050655136206190208219
8:0065037019278220406290
9:0084119335289250533341
10:0011005117954263271101471
11:0013313143998734391760641
12:00158051710011076192255962
13:001839119948178193024611269
14:0021844226411964139532141807
15:0025139255303461204938542701
WHAT THE NUMBERS SAY

Won more often than the standard build and destroyed noticeably more enemy metal by 15:00.

  • + Enemy metal destroyed more than doubles standard by 15:00.
  • + Team win rate well above the role's standard build.
  • − Own metal lost roughly doubles the standard build by 10:00.
  • − Very rare timing, only 7% of role games this fast.
THE EXAMPLE YOU ARE READING

haaven

41.7 OS · 15/08/2026

Open source match ↗

4 received units · includes a constructor
46 metal received · 32356 energy received

Allied construction assistance is unknown. Timings are observations, not a promise of solo reproducibility.

Typical milestones

Aircraft Plant1:28Middle 50%: 1:14–1:32 · n=20
Advanced Metal Extractor7:19Middle 50%: 6:18–7:56 · n=20
Fusion Reactor11:24Middle 50%: 10:10–12:33 · n=12

Played most by

haaven5games of this buildkrtf4games of this buildMischievousDragonGF2games of this buildGeeGee1game of this buildImmort1game of this build